 Dungeon Crawl Stone Soup version 0.18-a0-1745-gffa9a88 (webtiles) character file.

476 dohliylev the Sneak (level 6, -2/41 HPs)
             Began as a Vampire Enchanter on Apr 11, 2016.
             Was a Believer of Nemelex Xobeh.
             Slain by a shadow imp (7 damage)
             ... summoned by CollectiveS's ghost
             ... on level 5 of the Dungeon.
             The game lasted 01:09:18 (5443 turns).

dohliylev the Sneak (Vampire Enchanter)             Turns: 5443, Time: 01:09:19

Health: -2/41      AC:  0    Str:  7    XL:     6   Next: 85%
Magic:  5/10       EV: 23    Int: 18    God:    Nemelex Xobeh [**....]
Gold:   134        SH:  0    Dex: 21    Spells: 2 memorised, 7 levels left

rFire  . . .     SeeInvis +     (weapon currently unavailable)
rCold  + . .     Gourm    .     (armour currently unavailable)
rNeg   + + .     Faith    .     (shield currently unavailable)
rPois  +         Spirit   .     (helmet currently unavailable)
rElec  .         Dismiss  .     (cloak currently unavailable)
rCorr  .         Reflect  .     (gloves currently unavailable)
SustAt .         Harm     +     (boots currently unavailable)
MR     .....                    f - amulet of harm
Stlth  +++++.....               (ring currently unavailable)
                                (ring currently unavailable)

@: bat-form, flying, regenerating slowly, very quick, not resistant to hostile
enchantments, quite stealthy
A: fangs 3, see invisible, (unbreathing)
a: End Transformation, Renounce Religion


You were on level 5 of the Dungeon.
You worshipped Nemelex Xobeh.
Nemelex Xobeh was pleased with you.
You were thirsty.
You were in vampire-bat-form.
You visited 1 branch of the dungeon, and saw 5 of its levels.

You collected 134 gold pieces.

Inventory:

Hand Weapons
 a - a +1 dagger (melded)
 s - a +0 blowgun
 t - a +0 blowgun
 C - the +11 hunting sling "Petoak" {flame, rF+, unknown}
   (You took it off an orc on level 4 of the Dungeon)

   It causes projectiles fired from it to burn those they strike, causing extra
   injury to most foes and up to half again as much damage against particularly
   susceptible opponents.
   It protects you from fire.
Missiles
 g - 56 poisoned needles
Armour
 b - a +1 robe (melded)
Jewellery
 f - an amulet of harm (around neck)
 y - an uncursed amulet of harm
Scrolls
 i - 2 scrolls of fear {unknown}
 l - a scroll of remove curse {unknown}
 n - 2 scrolls of teleportation {unknown}
 o - a scroll of fog {unknown}
 u - a scroll of blinking {unknown}
 v - a scroll of immolation {unknown}
 w - a scroll of magic mapping {unknown}
 B - a scroll of identify {unknown}
Potions
 d - 14 potions of blood
 e - 3 potions of curing {unknown}
 h - a potion of haste {unknown}
 j - 2 potions of berserk rage {unknown}
 k - 2 potions of cure mutation {unknown}
 m - a potion of flight {unknown}
 q - a potion of degeneration {unknown}
 x - a potion of heal wounds {unknown}
Books
 c - a book of Maledictions

   Spells                             Type                      Level
   a - Corona                         Hexes                        1
   b - Ensorcelled Hibernation        Hexes/Ice                    2
   c - Confuse                        Hexes                        3
   d - Tukima's Dance                 Hexes                        3
   e - Dazzling Spray                 Conjuration/Hexes            3
Miscellaneous
 p - a plain deck of war {drawn: 1}
 r - a plain deck of destruction {drawn: 7}
 z - a plain deck of escape {drawn: 1}
 A - a plain deck of escape


   Skills:
 + Level 0.1 Fighting
 + Level 1.8 Short Blades
 + Level 3.7 Dodging
 + Level 7.3 Stealth
 + Level 2.9 Spellcasting
 + Level 6.3 Hexes
 + Level 1.7 Ice Magic
 * Level 2.0 Evocations


You had 7 spell levels left.
You knew the following spells:

 Your Spells              Type           Power        Failure   Level  Hunger
a - Corona                Hex            ####...      1%          1    None
b - Ensorcelled Hibernat  Hex/Ice        ###...       6%          2    ##.....


Dungeon Overview and Level Annotations

Branches:
Dungeon (5/15)
 Temple: D:4-7

Altars:
Ashenzari
Elyvilon
Nemelex Xobeh
Vehumet

Shops:
D:4 }

Annotations:
D:5 CollectiveS's ghost, novice TeSu


Innate Abilities, Weirdness & Mutations

You heal slowly.
You have razor-sharp teeth.
You have supernaturally acute eyesight.
((You can survive without breathing.))


Message History

Aim: a crimson imp (summoned, chance to defeat MR: 30%)
The crimson imp easily resists.
The crimson imp closely misses you.
CollectiveS's ghost gestures wildly while chanting.
You barely miss the crimson imp. Your bite misses the crimson imp.
The crimson imp hits you.
* * * LOW HITPOINT WARNING * * *
CollectiveS's ghost barely misses you.
You hit the crimson imp but do no damage.
The crimson imp barely misses you. CollectiveS's ghost hits you.
* * * LOW HITPOINT WARNING * * *
Evoke which item? (* to show all) (? for menu, Esc to quit)
You draw a card...
It is Solitude.
The crimson imp blinks!
CollectiveS's ghost blinks!
CollectiveS's ghost appears confused.
You feel less vulnerable to poison.
CollectiveS's ghost seems less confused.
CollectiveS's ghost says, "I have plenty of time to study, now."
You turn into a vampire bat.
Your +1 dagger melds into your body.
Your +1 robe melds into your body.
The shadow imp hits you.
You die...
Your body glows slightly and disappears.

..........#
#.#.....?.#
#.#.......#
#....<....#
..#.#..W....#
......o5r...#
#...###5#.....#
##. #5#####.# #
#b# # #.# #.#
#.# #.# #.# #.#
...


You could see an orc priest, CollectiveS's ghost, a crimson imp, a white imp, a
shadow imp and a rat.

Vanquished Creatures
  Grinder (D:4)
  4 slaves (D:4)
  A howler monkey (D:4)
  An orc wizard (D:4)
  2 worker ants (D:4)
  11 adders
  An adder skeleton (D:4)
  2 worms
  2 dart slugs
  3 giant geckos
  9 orcs
  2 giant cockroaches
  7 goblins
  14 hobgoblins
  2 jackals (D:1)
  2 quokkas
  7 bats
  5 giant newts
  A jackal skeleton (D:4)
  12 kobolds
  12 rats
101 creatures vanquished.

Vanquished Creatures (collateral kills)
  Blork the orc (D:4)
  4 orcs (D:4)
5 creatures vanquished.

Grand Total: 106 creatures vanquished

Notes
Turn   | Place    | Note
--------------------------------------------------------------
     0 | D:1      | dohliylev the Vampire Enchanter began the quest for the Orb.
     0 | D:1      | Reached XP level 1. HP: 13/13 MP: 3/3
   187 | D:1      | Found a shattered altar of Ashenzari.
   307 | D:1      | Reached XP level 2. HP: 14/19 MP: 5/5
   311 | D:1      | Learned a level 2 spell: Ensorcelled Hibernation
   382 | D:1      | Reached skill level 5 in Hexes
  1058 | D:1      | Reached XP level 3. HP: 24/24 MP: 1/6
  1888 | D:2      | Reached skill level 5 in Stealth
  1962 | D:2      | Found a sparkling altar of Nemelex Xobeh.
  1976 | D:2      | Became a worshipper of Nemelex Xobeh the Trickster
  2016 | D:2      | Found a radiant altar of Vehumet.
  2074 | D:2      | Reached XP level 4. HP: 30/30 MP: 7/7
  2306 | D:3      | Received a gift from Nemelex Xobeh
  2524 | D:3      | Reached * piety under Nemelex Xobeh
  2605 | D:3      | Reached skill level 1 in Evocations
  2660 | D:3      | Received a gift from Nemelex Xobeh
  2882 | D:3      | Reached skill level 1 in Ice Magic
  2882 | D:3      | Reached XP level 5. HP: 35/35 MP: 5/8
  3671 | D:3      | Found a white marble altar of Elyvilon.
  3730 | D:3      | Reached skill level 6 in Stealth
  4150 | D:4      | Noticed a slave
  4151 | D:4      | Noticed a slave
  4235 | D:4      | Noticed Blork the orc
  4248 | D:4      | Killed Blork the orc
  4248 | D:4      | Reached skill level 7 in Stealth
  4248 | D:4      | Reached XP level 6. HP: 19/41 MP: 2/9
  4476 | D:4      | Noticed a slave
  4492 | D:4      | Noticed Grinder
  4524 | D:4      | Killed a slave
  4730 | D:4      | Received a gift from Nemelex Xobeh
  4738 | D:4      | Killed a slave
  4857 | D:4      | Killed a slave
  4940 | D:4      | Noticed a slave
  4943 | D:4      | Killed a slave
  5002 | D:4      | Found Qurr's Gadget Emporium.
  5045 | D:4      | Killed Grinder
  5242 | D:4      | Received a gift from Nemelex Xobeh
  5253 | D:4      | Got a transparent hunting sling
  5256 | D:4      | Reached ** piety under Nemelex Xobeh
  5428 | D:5      | Entered Level 5 of the Dungeon
  5428 | D:5      | Noticed CollectiveS's ghost (novice TeSu)
  5443 | D:5      | Slain by a shadow imp

Vault maps used:
D:1:      kennysheep_arrival_seaside, minmay_misc_feat_tower,
          supply_closet_lemuel, st_stairs_3, ashenzari_altar_1
D:2:      nicolae_overflow_crystal_walls, lemuel_round_altar,
          grunt_decor_fettered
D:3:      lemuel_crystal_altar, first_bread
D:4:      serial_shops, shop, uniq_grinder, uniq_blork_the_orc, uniq_pikel
D:5:      okawaru_trees_1, temple_green, uniq_eustachio

Skill      XL: |  1  2  3  4  5  6 |
---------------+-------------------+-----
Hexes          | 5 6 |  6.3
Stealth        | 5 7 |  7.3
Dodging        | 3 |  3.7
Evocations     | 1 2 |  2.0
Ice Magic      | 1 |  1.7
Fighting       | |  0.1
Short Blades   | |  1.8
Spellcasting   | |  2.9

Action                   |  1- 3 |  4- 6 || total
-------------------------+-------+-------++-------
Melee: Dagger            |   113 |   112 ||   225
 Cast: Ensorcelled Hiber |    21 |    46 ||    67
       Corona            |       |     2 ||     2
 Abil: Bat Form          |     1 |     1 ||     2
       End Transformatio |     1 |       ||     1
Evoke: Deck              |       |     9 ||     9
  Use: Potion            |       |     5 ||     5
 Stab: Sleeping          |    30 |    39 ||    69
       Distracted        |     1 |     1 ||     2
  Eat: Corpse            |     1 |       ||     1
